 Dungeon Crawl Stone Soup version 0.20.0-15-g7f486f2 (webtiles) character file.

86 SirYmp the Cudgeler (level 4, 0/40 HPs)
             Began as a Minotaur Berserker on June 21, 2017.
             Was a Believer of Trog.
             Slain by a hound (1 damage)
             ... on level 3 of the Dungeon on June 24, 2017.
             The game lasted 00:06:11 (1606 turns).

SirYmp the Cudgeler (Minotaur Berserker)            Turns: 1606, Time: 00:06:11

Health: 0/40       AC:  3    Str: 22    XL:     4   Next: 27%
Magic:  0/3        EV: 12    Int:  4    God:    Trog [**....]
Gold:   136        SH:  0    Dex: 10    Spells: 3/3 levels left

rFire    . . .     SeeInvis .   a - +1 mace
rCold    . . .     Gourm    .   (no shield)
rNeg     . . .     Faith    .   l - +0 leather armour
rPois    .         Spirit   +   (helmet restricted)
rElec    .         Reflect  .   (no cloak)
rCorr    +         Harm     .   (no gloves)
MR       .....                  (no boots)
Stlth    +.........             j - amulet of guardian spirit
Regen    0.2/turn               k - ring of resist corrosion
MPRegen  0.1/turn               (no ring)

@: no status effects
A: retaliatory headbutt, horns 2
a: Berserk, Trog's Hand, Burn Spellbooks, Renounce Religion


You were on level 3 of the Dungeon.
You worshipped Trog.
Trog was pleased with you.
You were not hungry.

You visited 1 branch of the dungeon, and saw 3 of its levels.

You collected 136 gold pieces.

Inventory:

Hand Weapons
 a - a +1 mace (weapon)
Armour
 b - a +0 animal skin
 l - a +0 leather armour (worn)
Jewellery
 j - an amulet of guardian spirit (around neck)
 k - a ring of resist corrosion (left hand)
Wands
 q - a wand of polymorph (14/24)
Scrolls
 d - a scroll of teleportation {unknown}
 e - a scroll of identify {unknown}
 f - a scroll of fog
 i - a scroll of recharging {unknown}
 m - a scroll of amnesia {unknown}
 n - a scroll of remove curse
Potions
 g - a potion of agility {unknown}
 o - a potion of invisibility {unknown}
 r - a potion of brilliance {unknown}
Comestibles
 c - a bread ration
 h - a royal jelly


   Skills:
 + Level 4.3 Fighting
 * Level 5.0 Maces & Flails
 + Level 2.9 Armour
 + Level 2.6 Dodging
 + Level 0.3 Stealth


You had 3 spell levels left.
You didn't know any spells.

Dungeon Overview and Level Annotations

Branches:
Dungeon (3/15)

Altars:
Kikubaaqudgha
Xom


Innate Abilities, Weirdness & Mutations

You reflexively headbutt those who attack you in melee.
You have a pair of horns on your head.


Message History

You headbutt the hound, but do no damage.
You barely miss the hound.
The hound is almost dead.
The hound misses you. The hound bites you.
* * * LOW HITPOINT WARNING * * *
You barely miss the hound.
The hound is almost dead.
The hound bites you.
* * * LOW HITPOINT WARNING * * *
The hound bites you.
* * * LOW HITPOINT WARNING * * *
You hit the hound.
The hound is almost dead.
The hound bites you but does no damage.
You barely miss the hound.
The hound is almost dead.
The hound bites you.
* * * LOW HITPOINT WARNING * * *
The hound bites you.
You die...

## ##+## .#
......########.#
# ......
........#.###
...... ...#... ..
.....#####.#.##.#
#........h...#
.....#
##..#####@####
#....#
#..###.......#
#....#
#.....:..###.#
#....# #.####.#..
#....# #....#.#.#
...# ####.#.#.#
####.#######.#
#.#
#............#
#..
#.##.#########


You could see a hound.

Vanquished Creatures
  3 adders
  An ooze (D:2)
  2 worms (D:2)
  A dart slug (D:2)
  4 leopard geckos
  4 orcs (D:3)
  A ball python (D:2)
  A giant cockroach (D:2)
  3 goblins
  3 jackals (D:1)
  5 bats
  3 frilled lizards
  7 kobolds
  4 rats
  A plant (D:1)
43 creatures vanquished.

Notes
Turn   | Place    | Note
-------+----------+-------------------------------------------
     0 | D:1      | SirYmp the Minotaur Berserker began the quest for the Orb.
     0 | D:1      | Reached XP level 1. HP: 19/19 MP: 0/0
   443 | D:1      | Reached skill level 4 in Maces & Flails
   472 | D:1      | Reached XP level 2. HP: 24/27 MP: 1/1
   934 | D:2      | Reached XP level 3. HP: 31/33 MP: 2/2
  1060 | D:2      | Found a shimmering altar of Xom.
  1191 | D:2      | Found an ancient bone altar of Kikubaaqudgha.
  1354 | D:2      | Reached ** piety under Trog
  1383 | D:2      | Reached XP level 4. HP: 31/40 MP: 1/3
  1415 | D:3      | Reached skill level 5 in Maces & Flails
  1606 | D:3      | HP: 1/40 [hound (2)]
  1606 | D:3      | Slain by a hound

Skill      XL: |  1  2  3  4 |
---------------+-------------+-----
Maces & Flails | 4 5 |  5.0
Fighting       | 4 |  4.3
Armour         | |  2.9
Dodging        | |  2.6
Stealth        | |  0.3

Action                   |  1- 3 |  4- 6 || total
-------------------------+-------+-------++-------
Melee: Mace              |    94 |    23 ||   117
       Headbutt          |    20 |     5 ||    25
Invok: Burn Spellbooks   |     1 |       ||     1
       Berserk           |       |     1 ||     1
  Use: Scroll            |     1 |     2 ||     3
  Eat: Chunk             |     1 |       ||     1
       Meat ration       |       |     1 ||     1
Armor: Animal skin       |     7 |       ||     7
       Leather armour    |    14 |     3 ||    17
Dodge: Dodged            |    60 |    12 ||    72
